Map: Triton LE

Players

Vindicta - Winner!

  • Race: Terran Terran
  • Spawn Location: 11:00

BoO

  • Race: Zerg Zerg
  • Spawn Location: 5:00

VOD

Have the link to the VOD?

Description

Time

  • Played on: Sept. 6, 2019, 12:27 p.m.
  • Length: 10:06
Show
View Real Time Build Order
Export as new Build Order

Vindicta Terran - Winner!

Build Orders: Hellion Opening, Reaper Expand 

Get SALT Encoding   

  12  0:01  SCV  
  13  0:13  SCV  
  14  0:17  Supply Depot  
  14  0:34  SCV  
  15  0:39  Barracks  
  15  0:42  Refinery  
  15  0:46  SCV  
  16  1:00  SCV  
  17  1:12  SCV  
  19  1:27  Orbital Command, Reaper  
  19  1:41  Command Center  
  19  1:53  SCV  
  20  1:55  Supply Depot  
  20  1:59  Marine  
  21  2:07  SCV  
  22  2:13  Factory  
  22  2:19  SCV  
  22  2:20  Barracks Reactor  
  23  2:23  Refinery  
  23  2:31  SCV  
  24  2:43  SCV  
  25  2:55  SCV  
  27  2:58  Orbital Command  
  27  3:03  Starport  
  26  3:06  Hellion  
  26  3:07  Hellion  
  26  3:08  SCV, Barracks Tech Lab  
  31  3:15  Supply Depot  
  30  3:20  SCV  
  30  3:24  SCV  
  32  3:28  Hellion x2  
  32  3:33  SCV  
  37  3:36  SCV  
  37  3:39  Viking  
  40  3:43  Stimpack  
  40  3:45  SCV  
  40  3:48  SCV  
  42  3:56  Hellion x2  
  42  3:57  Marine  
  42  4:00  SCV, Supply Depot  
  48  4:03  SCV  
  49  4:10  Medivac  
  49  4:14  SCV  
  49  4:15  Marine, Armory  
  49  4:16  SCV  
  54  4:21  Hellion  
  54  4:23  Hellion  
  58  4:26  SCV  
  58  4:28  SCV  
  58  4:29  Supply Depot  
  60  4:33  Marine  
  61  4:39  SCV  
  62  4:51  SCV x2  
  62  4:55  Barracks  
  62  4:56  Starport Reactor  
  62  4:57  Factory Tech Lab  
  62  4:59  Barracks  
  62  5:02  Supply Depot  
  62  5:03  SCV  
  62  5:07  Command Center, SCV  
  64  5:15  SCV  
  64  5:16  Siege Tank  
  64  5:18  Engineering Bay  
  64  5:19  SCV, Engineering Bay  
  69  5:24  Marine  
  69  5:27  SCV  
  71  5:31  Refinery  
  71  5:32  Refinery  
  71  5:40  SCV x2  
  71  5:41  Marine  
  71  5:42  Marine  
  73  5:44  Combat Shield  
  73  5:48  Siege Tank  
  74  5:50  Marine  
  74  5:51  Starport Reactor  
  74  5:53  SCV  
  70  5:58  SCV  
  70  5:59  Marine, Terran Infantry Weapons Level 1  
  70  6:03  Marine x2  
  72  6:05  Barracks x2, SCV  
  72  6:10  SCV  
  72  6:14  Terran Infantry Armor Level 1  
  72  6:16  Supply Depot  
  72  6:17  SCV  
  72  6:20  Supply Depot  
  72  6:21  Siege Tank  
  72  6:22  SCV, Orbital Command  
  72  6:24  Marine  
  72  6:25  Marine  
  77  6:28  Marine  
  77  6:29  Marine  
  77  6:30  Marine  
  80  6:34  Medivac  
  80  6:35  Medivac  
  80  6:39  Orbital Command  
  84  6:42  Marine, Supply Depot  
  84  6:43  Marine  
  84  6:45  Marine  
  87  6:47  SCV  
  87  6:53  SCV  
  89  6:54  Factory  
  89  6:55  Barracks Reactor x2  
  90  7:01  SCV  
  90  7:05  SCV x2  
  90  7:07  Marine x2  
  94  7:09  Bunker  
  94  7:10  Marine x2  
  94  7:11  Barracks Reactor, Supply Depot x2  
  94  7:13  Marine, SCV  
  98  7:17  SCV x2  
  98  7:19  Siege Tank  
  103  7:24  Refinery  
  103  7:25  Marine x2, SCV  
  103  7:29  SCV  
  108  7:30  SCV  
  108  7:31  Marine  
  108  7:32  Marine  
  108  7:33  Marine x3  
  108  7:34  Supply Depot x2  
  113  7:37  SCV  
  113  7:38  Factory Tech Lab  
  113  7:43  Marine x2  
  116  7:47  Marine  
  116  7:48  Marine  
  116  7:49  Marine x2  
  116  7:51  Marine x2, Siege Tank  
  122  7:56  Marine  
  122  7:58  Supply Depot  
  126  7:59  Terran Vehicle Weapons Level 1  
  126  8:00  Siege Tank  
  126  8:01  Marine x2  
  131  8:06  Supply Depot  
  131  8:07  Supply Depot  
  131  8:12  Marine  
  131  8:13  Medivac  
  131  8:16  Marine  
  131  8:18  Marine  
  135  8:20  Marine x2  
  135  8:23  Marine x2, Siege Tank  
  135  8:24  Marine  
  135  8:26  Command Center  
  144  8:30  Marine  
  144  8:33  Marine  
  146  8:36  Marine  
  146  8:38  Marine x2  
  146  8:39  Siege Tank  
  152  8:41  Marine x2  
  152  8:45  Medivac  
  155  8:48  Supply Depot  
  155  8:52  Marine x3  
  159  8:56  Siege Tank  
  159  8:58  Marine  
  159  9:00  Marine x2  
  159  9:02  Marine  
  163  9:04  Marine  
  163  9:05  SCV  
  163  9:06  SCV  
  167  9:10  Marine x2  
  167  9:15  Barracks  
  167  9:16  Barracks x2  
  167  9:17  Marine  
  169  9:19  Marine, Siege Tank  
  169  9:20  Marine  
  174  9:25  Supply Depot  
  174  9:28  Refinery  
  174  9:32  Siege Tank  
  174  9:33  Marine  
  174  9:34  Marine  
  174  9:35  Marine  
  174  9:36  Marine  
  174  9:37  Marine  
  183  9:39  Marine  
  183  9:40  Supply Depot  
  183  9:47  Marine x3  
  183  9:50  SCV  
Show
View Real Time Build Order
Export as new Build Order

BoO Zerg 

Build Orders: Hatch First, Muta Ling Bane 

Get SALT Encoding   

  12  0:00  Drone  
  13  0:21  Overlord  
  13  0:22  Drone  
  14  0:39  Drone x2  
  16  0:44  Drone  
  17  0:55  Hatchery  
  16  0:58  Drone  
  17  1:04  Drone  
  17  1:07  Extractor  
  17  1:17  Spawning Pool  
  16  1:19  Drone  
  17  1:25  Drone  
  18  1:44  Drone  
  19  1:47  Drone  
  19  1:53  Hatchery  
  19  2:04  Queen  
  21  2:12  Queen  
  23  2:17  Zergling x2  
  23  2:19  Zergling x2  
  25  2:25  Metabolic Boost  
  25  2:40  Drone x3  
  27  3:04  Queen x2, Extractor x2  
  31  3:06  Overlord  
  31  3:11  Queen  
  33  3:24  Drone  
  33  3:25  Drone x4  
  38  3:32  Drone x2  
  40  3:35  Drone  
  40  3:39  Overlord  
  41  3:45  Overlord  
  40  4:01  Zergling x4  
  41  4:03  Baneling Nest  
  41  4:04  Overlord  
  41  4:07  Extractor  
  41  4:08  Extractor  
  38  4:10  Zergling x8  
  38  4:15  Zergling x4  
  44  4:21  Lair  
  44  4:29  Drone x2  
  44  4:53  Drone x2  
  44  4:54  Drone x7  
  53  5:07  Drone x4  
  53  5:08  Drone  
  58  5:19  Spore Crawler  
  57  5:21  Spore Crawler  
  57  5:22  Queen  
  57  5:24  Spore Crawler  
  56  5:30  Baneling x3  
  56  5:35  Baneling x3  
  51  5:44  Zergling x18  
  55  5:58  Zergling x2  
  55  5:59  Zergling x8  
  55  6:02  Drone x2  
  56  6:04  Queen  
  56  6:06  Queen  
  56  6:10  Drone  
  57  6:11  Overlord  
  57  6:18  Overlord  
  57  6:19  Overlord  
  57  6:29  Queen  
  57  6:32  Drone x4  
  63  6:33  Drone  
  63  6:35  Drone  
  65  6:43  Spire  
  64  6:56  Zergling x12  
  64  7:00  Centrifical Hooks, Evolution Chamber  
  64  7:01  Evolution Chamber  
  68  7:08  Drone x4  
  71  7:17  Drone x5  
  71  7:18  Drone x2  
  78  7:23  Overlord x2  
  78  7:29  Extractor  
  77  7:32  Baneling x10  
  77  7:37  Overlord  
  77  7:46  Zergling x6  
  77  7:47  Zergling x4  
  82  7:52  Zerg Ground Armor Level 1, Zerg Melee Weapons Level 1  
  82  7:58  Zergling x8  
  82  7:59  Zergling x10  
  82  8:01  Baneling x2  
  82  8:02  Baneling  
  88  8:17  Overlord x5  
  88  8:18  Overlord  
  86  8:28  Extractor  
  86  8:30  Extractor  
  86  8:33  Overlord  
  86  8:34  Overlord x2  
  84  8:41  Hatchery  
  84  8:43  Mutalisk x3  
  89  8:49  Drone x4  
  93  8:58  Mutalisk x3  
  97  9:07  Baneling  
  97  9:11  Mutalisk x2  
  97  9:15  Overlord x2  
  98  9:18  Zergling x2  
  98  9:19  Zergling x6  
  96  9:25  Baneling  
  96  9:26  Baneling x9  
  96  9:27  Baneling  
  96  9:28  Zergling x2  
  97  9:34  Zergling x8  
  101  9:40  Zergling x6  
  101  9:41  Zergling x10  
  101  9:42  Zergling x2  
  110  9:49  Zergling x2  
Tags
 
Add a new tag
Caveats
  • Supply blocks, unpowered buildings, or Contaminate may cause inaccurate times.
  • Supply counts are checked every 10 seconds.